 Dungeon Crawl Stone Soup version 0.18.1-48-g4cf74bf (webtiles) character file.

141283 Jebus the Shatterer (level 17, -26/115 HPs)
             Began as a Gargoyle Berserker on Aug 24, 2016.
             Was the Champion of Trog.
             Annihilated by an eight-headed hydra simulacrum (37 damage)
             ... in an ice cave on Aug 27, 2016.
             The game lasted 01:08:20 (38609 turns).

Jebus the Shatterer (Gargoyle Berserker)           Turns: 38609, Time: 01:08:21

Health: -26/115    AC: 49    Str: 31    XL:     17   Next: 32%
Magic:  26/26      EV: 10    Int: 15    God:    Trog [******]
Gold:   1118       SH:  5    Dex: 15    Spells: 0 memorised, 16 levels left

rFire  . . .     SeeInvis .     W - +9 morningstar of the Boar {drain, *Contam rElec rN++ MR+}
rCold  . . .     Gourm    +     Z - +9 plate armour of Xaxeuj {MP+9 Str+4 Int+6 Stlth-}
rNeg   + + +     Faith    .     b - +0 buckler
rPois  ∞         Spirit   .     V - +2 helmet
rElec  +         Dismiss  .     Y - +2 cloak {MR+}
rCorr  .         Reflect  .     x - +1 pair of gloves {Dex+3}
SustAt .         Harm     .     z - +1 pair of boots
MR     +++..                    F - amulet of the gourmand
Stlth  ..........               t - +3 ring of strength
                                O - +2 ring of slaying

@: flying, extremely resistant to hostile enchantments, extremely unstealthy
A: big wings, negative energy resistance 1, electricity resistance, unbreathing,
petrification resistance, rot immunity, AC +12
a: Stop Flying, Berserk, Trog's Hand, Brothers in Arms, Burn Spellbooks,
Renounce Religion


You were in an ice cave.
You worshipped Trog.
Trog was exalted by your worship.
You were very full.

You visited 4 branches of the dungeon, and saw 27 of its levels.
You also visited: Sewer and Ice Cave.

You collected 3146 gold pieces.
You spent 2028 gold pieces at shops.

Inventory:

Hand Weapons
 C - the +4 great mace of Gluttony {elec, rElec rPois rF+ Str+3 Stlth-}
   (Trog gifted it to you on level 8 of the Dungeon)

   Occasionally, upon striking a foe, it will discharge some electrical energy
   and cause terrible harm.
   It affects your strength (+3).
   It protects you from fire.
   It insulates you from electricity.
   It protects you from poison.
   It makes you less stealthy.
 W - the +9 morningstar of the Boar (weapon) {drain, *Contam rElec rN++ MR+}
   (Trog gifted it to you on level 2 of the Orcish Mines)

   A truly terrible weapon, it drains the life of those it strikes.
   It insulates you from electricity.
   It greatly protects you from negative energy.
   It affects your resistance to hostile enchantments.
   It causes magical contamination when unequipped.
Armour
 b - a +0 buckler (worn)
 x - a +1 pair of gloves of dexterity (worn)
 z - a +1 pair of boots (worn)
 V - a +2 helmet (worn)
 Y - a +2 cloak of magic resistance (worn)
 Z - the +9 plate armour of Xaxeuj (worn) {MP+9 Str+4 Int+6 Stlth-}
   (You bought it in a shop on level 1 of the Orcish Mines)

   It affects your strength (+4).
   It affects your intelligence (+6).
   It affects your magic capacity (+9).
   It makes you less stealthy.
Jewellery
 t - a +3 ring of strength (right hand)
 B - an uncursed ring of see invisible
 F - an amulet of the gourmand (around neck)
 O - a +2 ring of slaying (left hand)
Wands
 v - a wand of teleportation (1/9)
 y - a wand of disintegration (24/24)
 G - a wand of teleportation (4/9)
 J - a wand of acid (7/15)
 R - a wand of teleportation (2/9)
Scrolls
 a - 11 scrolls of identify
 e - 3 scrolls of enchant weapon
 q - 4 scrolls of remove curse
 s - 6 scrolls of recharging
 w - a scroll of holy word
 D - 6 scrolls of blinking
 M - a scroll of fear
 N - 6 scrolls of teleportation
 P - 4 scrolls of enchant armour
 T - 4 scrolls of magic mapping
 U - a scroll of silence
Potions
 d - 7 potions of curing
 f - 6 potions of agility
 g - a potion of cancellation
 h - a potion of haste
 i - 2 potions of lignification
 j - 11 potions of brilliance
 l - a potion of magic
 m - 3 potions of berserk rage
 o - 3 potions of invisibility
 p - 11 potions of heal wounds
 u - 3 potions of resistance
 A - 3 potions of might
 H - 2 potions of cure mutation
Comestibles
 c - a bread ration
 k - 20 meat rations
 n - a beef jerky


   Skills:
 - Level 15.9 Fighting
 - Level 21.9 Maces & Flails
 - Level 12.7 Armour
 + Level 3.0 Dodging
 - Level 4.0 Shields


You had 16 spell levels left.
You didn't know any spells.

Dungeon Overview and Level Annotations

Branches:
Dungeon (15/15)            Temple (0/1) D:5            Lair (8/8) D:9
 Shoals (2/4) Lair:4        Snake (0/4) Lair:3        Slime (0/6) Lair:6
    Orc (2/2) D:12            Elf (0/3) Orc:2        Vaults (0/5) D:14
 Depths (0/5) D:15

Altars:
Cheibriados
Dithmenos
Elyvilon
Kikubaaqudgha
Makhleb
Nemelex Xobeh
Okawaru
Pakellas
Qazlal
Ru
Sif Muna
Trog
Xom
Yredelemnul
Zin
The Shining One
Beogh
Jiyva

Shops:
Orc:1 ?%}[?   Orc:2 :%!:


Innate Abilities, Weirdness & Mutations

You are resistant to torment.
Your stone body is resilient (AC +12).
You are immune to poison.
Your large and strong wings let you fly indefinitely.
You resist negative energy.
You are resistant to electric shocks.
You can survive without breathing.
You are immune to petrification.
You are immune to rotting.


Message History

The eight-headed hydra simulacrum bites your stone giant but does no damage.
The eight-headed hydra simulacrum bites your stone giant.
The eight-headed hydra simulacrum freezes your stone giant!!
Your stone giant dies!
Your stone giant's corpse disappears in a puff of smoke!
You bludgeon the freezing wraith!!
You destroy the freezing wraith!
You are engulfed in freezing vapours.
The troll simulacrum closely misses you.
You block the troll simulacrum's attack.
The troll simulacrum misses you.
Unknown command.
The eight-headed hydra simulacrum bites you but does no damage. x2
The eight-headed hydra simulacrum bites you!
The eight-headed hydra simulacrum freezes you!!!
* * * LOW HITPOINT WARNING * * *
The eight-headed hydra simulacrum bites you.
* * * LOW HITPOINT WARNING * * *
The eight-headed hydra simulacrum freezes you!!!
You die...

## #### (# #..####### #
$ #.∩....#.###$#. ####
##..∩.....###..###...##
###........###.#Z....#
####.###..#.#@Z5# ###
##§...§### ##...##
##.## ###


You could see a white imp, an eight-headed hydra simulacrum and a troll
simulacrum.

Vanquished Creatures
  Saint Roka (Orc:1)
  Nikola (Shoals:1)
  Rupert (Lair:8)
  An emperor scorpion (D:15)
  A dire elephant (D:15)
  2 merfolk impalers (Lair:4)
  4 vault guards (D:14)
  An ogre mage (D:15)
  Fannar (D:10)
  13 hydras
  2 death knights
  4 centaur warriors
  2 merfolk avatars
  A tengu warrior (D:14)
  A dancing weapon (Orc:2)
  4 death yaks
  5 orc high priests (Orc:2)
  Sonja (Lair:2)
  A fire crab (Lair:8)
  6 skeletal warriors
  An unseen horror (D:14)
  3 sea snakes
  A deep elf archer (D:15)
  5 hill giants
  5 orc knights (Orc:2)
  2 necromancers (D:14)
  A wolf spider zombie (D:14)
  9 ugly things
  An oklob plant (Lair:7)
  7 griffons
  3 hornets (Lair:8)
  2 wolf spiders (Lair:8)
  4 deep elf magi
  An orc sorcerer (Orc:1)
  3 fauns (Shoals:1)
  3 manticores (Shoals:1)
  10 black mambas
  A water nymph (Shoals:1)
  7 cyclopes
  Maurice (Orc:2)
  4 sirens
  A guardian serpent (Lair:8)
  10 elephants
  3 centaur skeletons
  5 torpor snails
  A guardian serpent (shapeshifter) (D:14)
  20 spiny frogs
  A gargoyle (D:15)
  3 freezing wraiths
  5 rime drakes
  7 komodo dragons
  A tengu conjurer (D:14)
  A yaktaur (D:14)
  3 slime creatures
  4 trolls
  8 merfolk
  6 polar bears
  13 blink frogs
  A blink frog (shapeshifter) (D:13)
  2 two-headed ogres
  A snapping turtle (Shoals:2)
  2 centaur simulacra
  66 yaks
  4 wraiths
  3 water elementals
  10 wyverns
  18 hippogriffs
  2 hungry ghosts
  Grum (D:11)
  17 humans (D:14)
  2 basilisks (Lair:3)
  7 vampire mosquitoes
  2 steam dragons (D:6)
  A hog (D:7)
  Menkaure (D:5)
  2 mottled dragons (D:12)
  5 nagas (Lair:3)
  5 wargs
  5 swamp worms (Lair:1)
  19 water moccasins
  A hydra simulacrum (IceCv)
  10 porcupines
  47 orc warriors
  5 black bears
  9 ice beasts
  Purgy (Sewer)
  3 eyes of draining
  7 sky beasts
  4 wasps (Lair:8)
  4 wolves
  3 phantoms
  18 ogres
  29 centaurs
  6 necrophages
  19 crocodiles
  4 big kobolds
  24 giant frogs
  2 wyvern zombies (D:11)
  9 scorpions
  24 killer bees
  4 howler monkeys
  2 electric eels (D:12)
  22 wights
  4 centaur zombies
  9 crimson imps
  2 giant frog zombies
  4 hounds
  2 quasits
  A draconian simulacrum (IceCv)
  A human zombie (D:15)
  32 orc priests
  2 giant frog skeletons
  8 jellies
  29 orc wizards
  2 human skeletons (D:15)
  13 iguanas
  Ijyb (D:2)
  5 hell rats (Lair:5)
  A troll simulacrum (IceCv)
  15 worker ants
  A killer bee zombie (D:6)
  38 sheep
  3 hound skeletons
  A mummy (D:15)
  7 gnolls
  13 adders
  67 river rats
  3 shadow imps
  An ufetubus (IceCv)
  An adder zombie (D:7)
  2 adder skeletons
  17 worms
  2 dart slugs
  6 giant geckos
  133 orcs
  7 bats
  8 giant cockroaches
  11 hobgoblins
  12 jackals
  3 quokkas
  A ball python (D:2)
  A ball python skeleton (D:4)
  A giant gecko skeleton (D:6)
  A giant gecko zombie (D:6)
  5 giant newts
  5 goblins
  3 hobgoblin zombies (D:9)
  13 kobolds
  5 orc skeletons
  2 orc zombies (D:9)
  17 rats
  A fungus (D:6)
1174 creatures vanquished.

Vanquished Creatures (others)
  2 orc priests (D:5)
  2 orcs (D:5)
  A ball python (D:4)
  26 fungi
  20 plants
51 creatures vanquished.

Grand Total: 1225 creatures vanquished

Notes
Turn   | Place    | Note
--------------------------------------------------------------
     0 | D:1      | Jebus the Gargoyle Berserker began the quest for the Orb.
     0 | D:1      | Reached XP level 1. HP: 14/14 MP: 1/1
   503 | D:1      | Reached XP level 2. HP: 16/19 MP: 2/2
   903 | D:2      | Found a sacrificial altar of Ru.
   925 | D:2      | Reached skill level 4 in Maces & Flails
   931 | D:2      | Reached XP level 3. HP: 10/23 MP: 3/3
  1091 | D:2      | Found an oddly glowing altar of Pakellas.
  1091 | D:2      | Found a stormy altar of Qazlal.
  1092 | D:2      | Found a shimmering altar of Xom.
  1092 | D:2      | Found a snail-covered altar of Cheibriados.
  1093 | D:2      | Found a glowing silver altar of Zin.
  1137 | D:2      | Reached ** piety under Trog
  1307 | D:2      | Found a deep blue altar of Sif Muna.
  1958 | D:3      | Noticed Ijyb
  2036 | D:2      | Killed Ijyb
  2036 | D:2      | Reached XP level 4. HP: 22/28 MP: 4/4
  2105 | D:2      | Reached skill level 5 in Maces & Flails
  2544 | D:3      | Reached XP level 5. HP: 24/32 MP: 5/5
  2645 | D:3      | Found a sparkling altar of Nemelex Xobeh.
  3040 | D:3      | Reached skill level 6 in Maces & Flails
  3660 | D:4      | Reached *** piety under Trog
  3705 | D:4      | Reached XP level 6. HP: 32/37 MP: 6/6
  3804 | D:4      | Reached skill level 7 in Maces & Flails
  4068 | D:4      | Found a white marble altar of Elyvilon.
  4677 | D:5      | Entered Level 5 of the Dungeon
  4706 | D:5      | Reached XP level 7. HP: 34/41 MP: 7/7
  5012 | D:5      | Found a glowing drain.
  5022 | Sewer    | Entered a sewer
  5073 | Sewer    | Noticed Purgy
  5080 | Sewer    | Killed Purgy
  5080 | Sewer    | Reached skill level 8 in Maces & Flails
  5219 | D:5      | Found a staircase to the Ecumenical Temple.
  5415 | D:5      | Reached skill level 9 in Maces & Flails
  5444 | D:5      | Noticed Menkaure
  5453 | D:5      | Killed Menkaure
  5453 | D:5      | Reached XP level 8. HP: 46/46 MP: 8/8
  5494 | D:5      | Found a sparkling altar of Nemelex Xobeh.
  5684 | D:5      | Reached skill level 10 in Maces & Flails
  6131 | D:6      | Reached skill level 11 in Maces & Flails
  6432 | D:6      | Reached **** piety under Trog
  6444 | D:6      | Reached XP level 9. HP: 21/51 MP: 9/9
  6891 | D:6      | Found a burning altar of Makhleb.
  6891 | D:6      | Noticed a green death
  6895 | D:6      | Noticed a hellwing
  7044 | D:6      | Reached skill level 12 in Maces & Flails
  7937 | D:7      | Found a bloodstained altar of Trog.
  8203 | D:7      | Reached skill level 13 in Maces & Flails
  8361 | D:7      | Reached ***** piety under Trog
  8486 | D:7      | Found a huge runed gate.
  8486 | D:7      | Noticed a griffon
  8487 | D:7      | Noticed a polar bear
  8487 | D:7      | Found a huge runed gate.
  8488 | D:7      | Noticed a griffon
  8488 | D:7      | Found a huge runed gate.
  8488 | D:7      | Noticed a polar bear
  8489 | D:7      | Noticed a griffon
  8489 | D:7      | Noticed a griffon
  8489 | D:7      | Found a huge runed gate.
  8489 | D:7      | Noticed a polar bear
  8490 | D:7      | Noticed a polar bear
  8705 | D:7      | Reached XP level 10. HP: 56/56 MP: 10/10
  8720 | D:7      | Killed a griffon
  8720 | D:7      | Reached skill level 14 in Maces & Flails
  9165 | D:7      | Killed a griffon
  9572 | D:7      | Reached skill level 15 in Maces & Flails
 10162 | D:8      | Found a shimmering altar of Xom.
 10180 | D:8      | Reached skill level 5 in Fighting
 10382 | D:8      | Received a gift from Trog
 10382 | D:8      | Reached XP level 11. HP: 57/64 MP: 11/11
 10393 | D:8      | Got a shimmering great mace {god gift}
 10394 | D:8      | Identified the +4 great mace of Gluttony {elec, rElec rPois rF+ Str+3 Stlth-} (Trog gifted it to you on level 8 of the Dungeon)
 11236 | D:8      | Noticed a two-headed hydra
 11242 | D:8      | Killed a two-headed hydra
 11431 | D:9      | Found a staircase to the Lair.
 11626 | D:9      | Found an ancient bone altar of Kikubaaqudgha.
 11626 | D:9      | Found a basalt altar of Yredelemnul.
 11626 | D:9      | Found a shadowy altar of Dithmenos.
 11780 | D:9      | Found a glowing golden altar of the Shining One.
 12103 | Lair:1   | Entered Level 1 of the Lair of Beasts
 12421 | Lair:1   | Reached skill level 10 in Fighting
 12747 | Lair:1   | Noticed a four-headed hydra
 12757 | Lair:1   | Killed a four-headed hydra
 14143 | Lair:2   | Reached XP level 12. HP: 81/81 MP: 12/12
 14262 | Lair:2   | Received a gift from Trog
 14303 | Lair:2   | Noticed Sonja
 15287 | Lair:3   | Noticed an eight-headed hydra
 15298 | Lair:3   | Killed an eight-headed hydra
 16445 | Lair:3   | Noticed a seven-headed hydra
 16456 | Lair:3   | Killed a seven-headed hydra
 16465 | Lair:3   | Reached skill level 15 in Fighting
 16636 | Lair:3   | Found a staircase to the Snake Pit.
 16755 | Lair:3   | Noticed an eight-headed hydra
 16762 | Lair:3   | Killed an eight-headed hydra
 17006 | Lair:3   | Reached XP level 13. HP: 47/92 MP: 13/13
 17058 | Lair:3   | Reached skill level 5 in Armour
 18181 | Lair:4   | Found a staircase to the Shoals.
 18891 | Lair:5   | Reached ****** piety under Trog
 19082 | Lair:5   | Reached skill level 10 in Armour
 19671 | Lair:5   | Received a gift from Trog
 20294 | Lair:6   | Found a viscous altar of Jiyva.
 20294 | Lair:6   | Found a staircase to the Slime Pits.
 20757 | Lair:6   | Reached skill level 16 in Maces & Flails
 21044 | Lair:6   | Found a snail-covered altar of Cheibriados.
 21417 | Lair:7   | Found a burning altar of Makhleb.
 21430 | Lair:7   | Gained mutation: Your large and strong wings let you fly indefinitely. [Gargoyle growth]
 21430 | Lair:7   | Reached XP level 14. HP: 93/98 MP: 14/14
 21662 | Lair:7   | Received a gift from Trog
 22255 | Lair:8   | Entered Level 8 of the Lair of Beasts
 22274 | Lair:8   | Reached skill level 17 in Maces & Flails
 22386 | Lair:8   | Noticed Rupert
 22398 | Lair:8   | Killed Rupert
 23230 | Lair:8   | Reached skill level 18 in Maces & Flails
 23727 | Lair:8   | Received a gift from Trog
 24956 | Lair:2   | Killed Sonja
 25167 | D:10     | Entered Level 10 of the Dungeon
 25222 | D:10     | Reached XP level 15. HP: 103/103 MP: 15/15
 25542 | D:10     | Noticed Fannar
 25552 | D:10     | Reached skill level 19 in Maces & Flails
 25559 | D:10     | Killed Fannar
 26241 | D:11     | Received a gift from Trog
 26679 | D:11     | Found a basalt altar of Yredelemnul.
 26810 | D:11     | Noticed Grum
 26814 | D:11     | Killed Grum
 27463 | D:12     | Received a gift from Trog
 28319 | D:12     | Found a staircase to the Orcish Mines.
 28625 | D:13     | Reached skill level 20 in Maces & Flails
 29641 | D:14     | Received a gift from Trog
 29913 | D:14     | Found a viscous altar of Jiyva.
 29944 | D:14     | Identified Asmodeus's Grimoire of Confrontation
 30312 | D:14     | Found an iron altar of Okawaru.
 30707 | D:14     | Reached XP level 16. HP: 107/108 MP: 16/16
 30847 | D:14     | Reached skill level 21 in Maces & Flails
 31052 | D:14     | Found a gate to the Vaults.
 31414 | D:15     | Entered Level 15 of the Dungeon
 31854 | D:15     | Received a gift from Trog
 32769 | D:15     | Found a staircase to the Depths.
 33524 | D:15     | Found a basalt altar of Yredelemnul.
 33675 | Orc:1    | Entered Level 1 of the Orcish Mines
 33675 | Orc:1    | Found Xexaf's Magic Scroll Shoppe.
 33688 | Orc:1    | Found Eciets's Food Shoppe.
 33692 | Orc:1    | Bought a scroll of holy word for 97 gold pieces
 33692 | Orc:1    | Bought a scroll of acquirement for 676 gold pieces
 33838 | Orc:2    | Entered Level 2 of the Orcish Mines
 33868 | Orc:2    | Noticed Saint Roka
 34276 | Orc:1    | Killed Saint Roka
 34392 | Orc:2    | Found a roughly hewn altar of Beogh.
 34449 | Orc:2    | Found a staircase to the Elven Halls.
 34473 | Orc:2    | Received a gift from Trog
 34476 | Orc:2    | Got an ichor-stained morningstar {god gift}
 34477 | Orc:2    | Identified the +9 morningstar of the Boar {drain, *Contam rElec rN++ MR+} (Trog gifted it to you on level 2 of the Orcish Mines)
 34498 | Orc:2    | Noticed Maurice
 34508 | Orc:2    | Killed Maurice
 34793 | Orc:2    | Found a roughly hewn altar of Beogh.
 34837 | Orc:1    | Found a roughly hewn altar of Beogh.
 34843 | Orc:1    | Reached skill level 1 in Shields
 35104 | Orc:1    | Found Ajuwkubb's Armour Shop.
 35203 | Orc:1    | Bought the +9 plate armour of Xaxeuj {MP+9 Str+4 Int+6 Stlth-} for 1135 gold pieces
 35213 | Orc:1    | Found Omics's Magic Scroll Emporium.
 35271 | Orc:1    | Found Leqew's Gadget Shop.
 35323 | Orc:1    | Bought a scroll of blinking for 120 gold pieces
 36057 | Orc:2    | Received a gift from Trog
 36893 | Orc:2    | Found Lewuebecw's Book Shop.
 36896 | Orc:2    | Found Nicvupn's Distillery.
 36896 | Orc:2    | Found Xaniv's Food Boutique.
 36897 | Orc:2    | Found Xunodgh's Book Shop.
 37307 | Shoals:1 | Entered Level 1 of the Shoals
 37307 | Shoals:1 | Noticed Nikola
 37336 | Lair:4   | Reached XP level 17. HP: 105/115 MP: 17/17
 37490 | Shoals:1 | Killed Nikola
 38501 | Shoals:2 | Received a gift from Trog
 38541 | Shoals:2 | Found a frozen archway.
 38571 | IceCv    | Entered an ice cave
 38609 | IceCv    | Annihilated by an eight-headed hydra simulacrum

Skill      XL: |  1  2  3  4  5  6  7  8  9 10 11 12 13 14 15 16 17 |
---------------+----------------------------------------------------+-----
Maces & Flails | 4 5 6 7 9 11 13 15 16 18 20 21 | 21.9
Fighting       | 6 12 15 | 15.9
Armour         | 4 10 11 12 | 12.7
Shields        | 4 |  4.0
Dodging        | 3 |  3.0

Action                   |  1- 3 |  4- 6 |  7- 9 | 10-12 | 13-15 | 16-18 || total
-------------------------+-------+-------+-------+-------+-------+-------++-------
Melee: Mace              |   103 |    74 |       |       |       |       ||   177
       Flail             |       |   139 |   506 |   217 |       |       ||   862
       Great mace        |       |       |       |   417 |  1326 |   328 ||  2071
       Morningstar       |       |       |       |       |       |   435 ||   435
Invok: Berserk           |       |     2 |     8 |     7 |     8 |     4 ||    29
       Burn Spellbooks   |       |       |       |     1 |     2 |       ||     3
       Brothers in Arms  |       |       |       |       |       |     1 ||     1
 Abil: Fly               |       |       |       |       |     1 |       ||     1
  Use: Scroll            |       |     9 |     9 |    12 |    12 |     6 ||    48
       Potion            |       |       |       |     2 |     1 |     3 ||     6
 Stab: Sleeping          |     3 |       |       |       |       |       ||     3
  Eat: Chunk             |     3 |    11 |    19 |    13 |    62 |    34 ||   142
       Pizza             |       |       |     1 |       |       |       ||     1
       Fruit             |       |       |       |    17 |       |       ||    17
       Beef jerky        |       |       |       |     2 |       |       ||     2
       Bread ration      |       |       |       |     1 |       |       ||     1
Armor: Animal skin       |    34 |    54 |    64 |       |       |       ||   152
       Troll leather arm |       |       |    83 |       |       |       ||    83
       Ring mail         |       |       |    86 |   134 |   528 |   269 ||  1017
       Plate armour      |       |       |       |   350 |   324 |   258 ||   932
Dodge: Dodged            |    69 |   130 |   304 |   270 |   614 |   303 ||  1690
Block: Buckler           |       |       |       |       |       |    95 ||    95
